 Dungeon Crawl Stone Soup version 0.21-a0-496-g696f58f537 (webtiles) character file.

2006 Kaname the Geomancer (level 9, 48/57 HPs)
             Began as a Demonspawn Earth Elementalist on Nov 24, 2017.
             Was a Believer of Vehumet.
             Quit the game on level 7 of the Dungeon.
             The game lasted 00:19:32 (5015 turns).

Kaname the Geomancer (DsEE)                         Turns: 5015, Time: 00:19:33

Health: 48/57      AC:  6    Str:  8    XL:     9   Next: 2%
Magic:  9/14       EV: 14    Int: 25    God:    Vehumet [**....]
Gold:   226        SH:  0    Dex: 14    Spells: 5/15 levels left

rFire    . . .     SeeInvis .   v - +3 rapier
rCold    + . .     Gourm    .   (no shield)
rNeg     . . .     Faith    .   i - +0 robe
rPois    .         Spirit   .   t - +2 hat
rElec    .         Reflect  .   o - scarf {repulsion}
rCorr    .         Harm     .   j - +1 pair of gloves
MR       .....                  (no boots)
Stlth    ++........             (no amulet)
HPRegen  0.19/turn              y - ring of protection from cold
MPRegen  0.14/turn              f - +5 ring of intelligence

@: repel missiles
A: hooves 1, repulsion field 1, powered by pain 3
a: Renounce Religion


You were on level 7 of the Dungeon.
You worshipped Vehumet.
Vehumet was pleased with you.
You were not hungry.

You visited 1 branch of the dungeon, and saw 7 of its levels.

You collected 356 gold pieces.
You spent 130 gold pieces at shops.

Inventory:

Hand Weapons
 v - a +3 rapier (weapon)
Armour
 i - a +0 robe (worn)
 j - a +1 pair of gloves (worn)
 o - a scarf of repulsion (worn)
 t - a +2 hat (worn)
Jewellery
 f - a +5 ring of intelligence (right hand)
 y - a ring of protection from cold (left hand)
Wands
 z - a wand of polymorph (8)
Scrolls
 k - 2 scrolls of teleportation
 l - a scroll of fog
 q - 2 scrolls of remove curse
 s - a scroll of blinking
 x - 2 scrolls of enchant armour
 D - a scroll of identify
Potions
 a - a potion of berserk rage {unknown}
 c - a potion of brilliance {unknown}
 g - 3 potions of heal wounds
 h - 12 potions of curing
 n - 2 potions of flight
 r - 2 potions of might {unknown}
 B - a potion of lignification
 C - a potion of magic {unknown}
Books
 e - a book of Geomancy

   Spells                             Type                      Level
   a - Sandblast                      Earth                        1
   b - Passwall                       Transmutation/Earth          2
   c - Stone Arrow                    Conjuration/Earth            3
   d - Petrify                        Transmutation/Earth          4
   e - Lee's Rapid Deconstruction     Earth                        5
Comestibles
 d - 5 bread rations
 m - 2 royal jellies
 p - 5 fruits
 u - 2 meat rations


   Skills:
 - Level 1.7 Dodging
 - Level 1.7 Stealth
 + Level 3.9 Spellcasting
 * Level 7.5 Conjurations
 - Level 0.8 Transmutations
 - Level 8.0 Earth Magic


You had 5 spell levels left.
You knew the following spells:

 Your Spells              Type           Power        Failure   Level  Hunger
b - Stone Arrow           Conj/Erth      #####.       1%          3    ##.....
c - Lee's Rapid Deconstr  Erth           #####.....   10%         5    ######.
d - Passwall              Tmut/Erth      ####......   2%          2    #......


Dungeon Overview and Level Annotations

Branches:
Dungeon (7/15)             Temple (0/1) D:6

Altars:
Cheibriados
Gozag
Sif Muna
Vehumet

Shops:
D:6 *


Innate Abilities, Weirdness & Mutations

You have large cloven feet.
You are surrounded by a mild repulsion field. (EV +2)
You are powered by pain.


Message History

Aim: a big kobold, wielding a whip (heavily wounded)
The stone arrow hits the big kobold.
The big kobold is almost dead.
The big kobold hits you but does no damage.
A kobold comes into view.
You hit the big kobold but do no damage.
Your kick misses the big kobold.
The big kobold is almost dead.
The big kobold hits you with a whip!
You hit the big kobold.
You kill the big kobold!
Vehumet accepts your kill.
You feel your power returning.
You have reached level 9!
Your experience leads to an increase in your attributes!
Your base attributes are Str 8, Int 19, Dex 14.
Increase (S)trength, (I)ntelligence, or (D)exterity?
You feel clever.
Your demonic ancestry asserts itself...
You begin to radiate repulsive energy.
Are you sure you want to abandon this character and quit the game? (Confirm with "yes".)

#...................#
#..............##.#.#
####.##.##.###.# .# #
#.##......#.# ..
#....##.#.#.# ###
#.#####.#.#.# ####
#...#.# #.###.(#.###
#K)@.)>......
#...####.#.#### .....
.#... #### .# ### .#
.# ..


You could see a kobold.

Vanquished Creatures
  Grinder (D:3)
  Prince Ribbit (D:6)
  Menkaure (D:6)
  Duvessa (D:6)
  3 ogres (D:4)
  2 centaurs
  A big kobold (D:7)
  Dowan (D:6)
  A scorpion (D:5)
  A howler monkey (D:5)
  2 crimson imps (D:5)
  A hound (D:5)
  4 orc priests
  2 jellies
  A bullfrog skeleton (D:3)
  6 worker ants
  5 orc wizards
  A hound skeleton (D:7)
  9 adders
  A shadow imp (D:6)
  An adder zombie (D:5)
  A worm (D:2)
  7 leopard geckos
  21 orcs
  6 giant cockroaches
  6 goblins
  7 hobgoblins
  13 jackals
  8 kobolds
  5 quokkas
  2 ball pythons
  7 bats
  5 frilled lizards
  5 rats
139 creatures vanquished.

Vanquished Creatures (others)
  An orc (D:3)
  A giant cockroach (D:3)
2 creatures vanquished.

Grand Total: 141 creatures vanquished

Notes
Turn   | Place    | Note
-------+----------+-------------------------------------------
     0 | D:1      | Kaname the Demonspawn Earth Elementalist began the quest for the Orb.
     0 | D:1      | Reached XP level 1. HP: 13/13 MP: 3/3
   119 | D:1      | Reached skill level 3 in Earth Magic
   161 | D:1      | Gained mutation: You have large cloven feet. [demonic ancestry]
   161 | D:1      | Reached XP level 2. HP: 19/19 MP: 0/5
   661 | D:2      | Reached XP level 3. HP: 23/24 MP: 3/6
   667 | D:2      | Learned a level 3 spell: Stone Arrow
   690 | D:2      | Reached skill level 4 in Earth Magic
   888 | D:2      | Found a deep blue altar of Sif Muna.
   969 | D:2      | Found an opulent altar of Gozag.
  1267 | D:2      | Reached skill level 1 in Conjurations
  1267 | D:2      | Reached XP level 4. HP: 25/30 MP: 3/7
  1439 | D:3      | Found a radiant altar of Vehumet.
  1462 | D:3      | Found a faded altar of an unknown god.
  1704 | D:3      | Became a worshipper of Vehumet
  1717 | D:3      | Reached XP level 5. HP: 35/35 MP: 3/8
  1779 | D:3      | Reached skill level 5 in Earth Magic
  1884 | D:3      | Gained mutation: You sometimes gain a little power by taking damage. [demonic ancestry]
  1884 | D:3      | Reached XP level 6. HP: 23/41 MP: 0/9
  1990 | D:3      | Reached * piety under Vehumet
  1990 | D:3      | Offered knowledge of Flame Tongue by Vehumet.
  2105 | D:3      | Noticed Grinder
  2245 | D:3      | Killed Grinder
  2245 | D:3      | Reached skill level 6 in Earth Magic
  2299 | D:3      | Learned a level 5 spell: Lee's Rapid Deconstruction
  2471 | D:4      | Gained mutation: You sometimes gain power by taking damage. [demonic ancestry]
  2471 | D:4      | Reached XP level 7. HP: 37/46 MP: 0/10
  2785 | D:4      | Reached skill level 7 in Earth Magic
  3191 | D:5      | Entered Level 5 of the Dungeon
  3386 | D:5      | Gained mutation: You are powered by pain. [demonic ancestry]
  3386 | D:5      | Reached XP level 8. HP: 52/52 MP: 4/11
  3522 | D:5      | Reached skill level 5 in Conjurations
  3603 | D:5      | Reached skill level 8 in Earth Magic
  3855 | D:6      | Noticed Prince Ribbit
  3862 | D:6      | Killed Prince Ribbit
  3999 | D:6      | Noticed Menkaure
  4001 | D:6      | Killed Menkaure
  4001 | D:6      | Reached ** piety under Vehumet
  4115 | D:6      | Found Ulux's General Store.
  4117 | D:6      | Bought a scroll of identify for 20 gold pieces
  4117 | D:6      | Bought a potion of curing for 30 gold pieces
  4117 | D:6      | Bought a potion of lignification for 30 gold pieces
  4117 | D:6      | Bought 2 potions of degeneration for 20 gold pieces
  4117 | D:6      | Bought a potion of flight for 30 gold pieces
  4197 | D:6      | Offered knowledge of Searing Ray by Vehumet.
  4260 | D:6      | Found a snail-covered altar of Cheibriados.
  4498 | D:6      | Found a staircase to the Ecumenical Temple.
  4624 | D:6      | Learned a level 2 spell: Passwall
  4624 | D:6      | Noticed Duvessa
  4629 | D:6      | Noticed Dowan
  4630 | D:6      | Killed Duvessa
  4645 | D:6      | Killed Dowan
  5014 | D:7      | Gained mutation: You are surrounded by a mild repulsion field. (EV +2) [demonic ancestry]
  5014 | D:7      | Reached XP level 9. HP: 48/57 MP: 9/14
  5015 | D:7      | Quit the game

Vault maps used:
D:1:      minmay_arrival_hallway
D:2:      lemuel_doored_altar, lemuel_coloured_pillars_altar, first_bread,
          item_on_display_a
D:3:      fiery_altar_vehumet, chequers_ecumenical_altar_simple_redux,
          uniq_grinder
D:6:      marbit_many_paths, minmay_temple_entry_enclosed_plants, serial_shops,
          shop, kennysheep_flooded_box, columned_hall_lemuel, sigmund_army,
          uniq_menkaure, uniq_duvessa, uniq_prince_ribbit1
D:7:      minmay_klotski, nicolae_overflow_crystal_walls

Skill      XL: |  1  2  3  4  5  6  7  8 |
---------------+-------------------------+-----
Earth Magic    | 3 4 5 6 7 8 |  8.0
Conjurations   | 1 2 3 4 7 |  7.5
Spellcasting   | 3 |  3.9
Dodging        | |  1.7
Stealth        | |  1.7
Transmutations | |  0.8

Action                   |  1- 3 |  4- 6 |  7- 9 || total
-------------------------+-------+-------+-------++-------
Melee: Short sword       |    25 |    24 |       ||    49
       Kick              |     4 |    11 |    18 ||    33
       Dagger            |       |    21 |       ||    21
       Rapier            |       |       |   100 ||   100
 Cast: Sandblast         |    41 |    54 |    40 ||   135
       Stone Arrow       |       |     3 |    33 ||    36
  Use: Scroll            |       |     4 |     6 ||    10
       Potion            |       |     1 |       ||     1
 Stab: Sleeping          |       |       |     1 ||     1
  Eat: Chunk             |     2 |     4 |     9 ||    15
       Fruit             |       |       |     3 ||     3
Armor: Robe              |    13 |    19 |    50 ||    82
Dodge: Dodged            |    36 |    38 |    72 ||   146
       Deflected         |       |     1 |     1 ||     2

Table legend:
 A = Spawn XP
 B = Non-spawn XP
 C = Spawn XP percentage of total XP
 D = Spawn monster count
 E = Non-spawn monster count
 F = Spawn count percentage of total count
 G = Total turns spent on level
                    A         B        C        D         E        F      G
               +---------+---------+-------+---------+---------+-------+---------
         Total |       0 |    2866 |   0.0 |       0 |     139 |   0.0 |  5015
               +---------+---------+-------+---------+---------+-------+---------
           D:1 |       0 |      38 |   0.0 |       0 |      22 |   0.0 |   653
           D:2 |       0 |      63 |   0.0 |       0 |      14 |   0.0 |   837
           D:3 |       0 |     585 |   0.0 |       0 |      38 |   0.0 |   948
           D:4 |       0 |     508 |   0.0 |       0 |      16 |   0.0 |   753
           D:5 |       0 |     498 |   0.0 |       0 |      20 |   0.0 |   640
           D:6 |       0 |     896 |   0.0 |       0 |      21 |   0.0 |   942
           D:7 |       0 |     278 |   0.0 |       0 |       8 |   0.0 |   242
               +---------+---------+-------+---------+---------+-------+---------
